 Dungeon Crawl Stone Soup version 0.31.0-11-ge490571c62 (webtiles) character file.

Game seed: 6451729608174570606

20 Curundu the Conjurer (level 2, -1/15 HPs)
             Began as a Deep Elf Conjurer on Jan 29, 2024.
             Slain by a cerulean imp
             ... wielding a +1 spear
             ... summoned by Natasha
              (4 damage)
             ... on level 2 of the Dungeon.
             The game lasted 00:05:35 (996 turns).

Curundu the Conjurer (Deep Elf Conjurer)             Turns: 996, Time: 00:05:35

Health: -1/15      AC:  2    Str:  4    XL:     2   Next: 58%
Magic:  13/17      EV: 12    Int: 22    God:
Gold:   55         SH:  0    Dex: 13    Spells: 6/7 levels left

rFire   . . .        (no weapon)
rCold   . . .        (no shield)
rNeg    . . .        a - +0 robe
rPois   .            (no helmet)
rElec   .            (no cloak)
rCorr   .            (no gloves)
SInv    .            (no boots)
Will    .....        (no amulet)
Stlth   ++           f - ring of magical power
HPRegen 0.22/turn    (no ring)
MPRegen 0.15/turn

%: no passive effects
@: no status effects
A: no striking features
a: no special abilities


You were on level 2 of the Dungeon.
You visited 1 branch of the dungeon, and saw 2 of its levels.

You collected 55 gold pieces.

Inventory:

Armour
 a - a +0 robe (worn)
Jewellery
 f - a ring of magical power (left hand)
Scrolls
 e - a scroll of brand weapon {unknown}
Potions
 b - 2 potions of magic
 c - a potion of enlightenment {unknown}
 d - a potion of lignification {unknown}
 g - a potion of resistance {unknown}


   Skills:
 + Level 2.5 Dodging
 + Level 2.5 Stealth
 + Level 3.2 Spellcasting
 + Level 5.0 Conjurations


You had 6 spell levels left.
You knew the following spells:

 Your Spells              Type           Power      Damage    Failure   Level
a - Magic Dart            Conj           100%       1d8       1%          1

Your spell library contained the following spells:

 Spells                   Type           Power      Damage    Failure   Level
 Searing Ray              Conj           50%        2d6       2%          2
 Fulminant Prism          Conj/Alch      7%         3d7       38%         4
 Iskenderun's Mystic Bla  Conj/Tloc      14%        2d5       38%         4


Dungeon Overview and Level Annotations

Branches:
Dungeon (2/15)

Altars:

Shops:
D:1 [:

Annotations:
D:2 Natasha


Message History

The magic dart hits Natasha.
Natasha is severely wounded.
Natasha barely misses you.
Casting: Magic Dart (safe; 1% risk of failure)
Confirm with . or Enter, or press ? or * to list all spells.
Aiming: Magic Dart (safe; 1% risk of failure)
Press: ? - help, Shift-Dir - straight line, f/p - Natasha
Aim: Natasha (severely wounded, 100% to hit)
You miscast Magic Dart.
You are very lightly contaminated with residual magic.
Nothing appears to happen.
Natasha casts a spell at you. You resist with significant effort.
Natasha casts a spell.
Natasha mumbles some strange words.
Natasha casts a spell at you. The magic dart hits you.
* * * LOW HITPOINT WARNING * * *
Your magical contamination has completely faded away.
Natasha casts a spell at you. You resist with significant effort.
Natasha mumbles some strange words.
Casting: Magic Dart (safe; 1% risk of failure)
Confirm with . or Enter, or press ? or * to list all spells.
Aiming: Magic Dart (safe; 1% risk of failure)
Press: ? - help, Shift-Dir - straight line, f/p - Natasha
Aim: Natasha (severely wounded, 100% to hit)
The magic dart hits the cerulean imp.
The cerulean imp is moderately wounded.
Unknown command.
The cerulean imp attacks as it pursues you!
The cerulean imp hits you from afar with a +1 spear.
* * * LOW HITPOINT WARNING * * *
The cerulean imp closely misses you. The cerulean imp barely misses you.
The cerulean imp hits you from afar with a +1 spear.
* * * LOW HITPOINT WARNING * * *
There is a stone staircase leading up here.
The cerulean imp hits you from afar with a +1 spear.
You die...

####### #.....#
#####.###.############# #.....#
#.h5.h5.5...... ###
###.....############...#. #..
..#...h.'......# +...#. #.#
#.#....5######.# #..... #.#
#.#..................#...
#.#######.#...#.@.........##$#...
....##........#.#####..). ..#..#
.................. ... ......
#...#...........## .. #..# ##
#...#...........# . ...#
#...#............) #..#
#...+.####......... #...#.(
#......... ....... .........


You could see Natasha and a cerulean imp (summoned).

Vanquished Creatures
  A giant cockroach (D:1)
  A hobgoblin (D:1)
  3 quokkas (D:1)
  3 bats (D:1)
  2 frilled lizards (D:1)
  3 goblins
  5 kobolds
  2 rats (D:1)
20 creatures vanquished.

Notes
Turn   | Place    | Note
-------+----------+-------------------------------------------
     0 | D:1      | Curundu the Deep Elf Conjurer began the quest for the Orb.
     0 | D:1      | Reached XP level 1. HP: 10/10 MP: 6/6
   173 | D:1      | Found Tipnauch's Antique Armour Emporium.
   336 | D:1      | Found Tennouxa's Vocational Training.
   339 | D:1      | Reached XP level 2. HP: 15/15 MP: 6/8
   685 | D:1      | Reached skill level 5 in Conjurations
   964 | D:2      | Noticed Natasha
   996 | D:2      | Slain by a cerulean imp

Illustrated notes

Levels and vault maps discovered:
D:1:      noname_arrival_rooms_in_the_neighbourhood, layout_loops_ring,
          serial_shops, nicolae_shop_gibbet_a_chance,
          chequers_serial_rivers_small_a, nicolae_shop_vocational
D:2:      minmay_recursive_quarters, layout_basic, uniq_sigmund, uniq_natasha

Skill      XL: |  1  2 |
---------------+-------+-----
Conjurations   | 5 |  5.0
Dodging        | |  2.5
Stealth        | |  2.5
Spellcasting   | |  3.2

Action                     || total
---------------------------++-------
  Melee: Unarmed           ||     2
   Cast: Magic Dart        ||    36
    Use: Scroll            ||     1
 Armour: Robe              ||     7
  Dodge: Dodged            ||     3
